 Dungeon Crawl Stone Soup version 0.27-a0-1123-g2f9bb313c0 (webtiles) character file.

Game seed: 10082439449814835794

319 Zeld the Chucker (level 6, -2/41 (42) HPs)
             Began as an Octopode Fighter on May 4, 2021.
             Slain by a hound (5 damage)
             ... on level 4 of the Dungeon.
             The game lasted 00:03:48 (3436 turns).

Zeld the Chucker (Octopode Fighter)                 Turns: 3436, Time: 00:03:49

HP:   -2/41 (42)    AC:  1    Str: 17    XL:     6   Next: 46%
MP:   6/6           EV: 11    Int: 11    God:
Gold: 167           SH:  8    Dex: 11    Spells: 5/5 levels left

rFire    . . .     SeeInvis .   a - +0 war axe
rCold    . . .     Faith    .   b - +0 kite shield
rNeg     . . .     Spirit   .   (helmet restricted)
rPois    .         Reflect  .   (no amulet)
rElec    .         Harm     .   (no ring)
rCorr    .         Rampage  .   (no ring)
Will     .....                  (no ring)
Stlth    ++........             (no ring)
HPRegen  0.13/turn              (no ring)
MPRegen  0.10/turn              (no ring)
                                (no ring)
                                (no ring)

@: lightly drained
A: almost no armour, amphibious, 8 rings, camouflage 1, gelatinous body 1,
(nimble swimmer 1), tentacles
a: no special abilities


You were on level 4 of the Dungeon.
You visited 1 branch of the dungeon, and saw 4 of its levels.

You collected 167 gold pieces.

Inventory:

Hand Weapons
 a - a +0 war axe (weapon)
Missiles
 e - 38 poisoned darts (quivered)
Armour
 b - a +0 kite shield (worn)
Scrolls
 d - 3 scrolls of teleportation {unknown}
 g - a scroll of silence {unknown}
 j - a scroll of fear {unknown}
 k - a scroll of magic mapping {unknown}
 m - a scroll of holy word {unknown}
 o - 2 scrolls of fog {unknown}
 p - a scroll of brand weapon {unknown}
 q - a scroll of blinking {unknown}
 r - a scroll of amnesia {unknown}
 u - a scroll of enchant weapon {unknown}
Potions
 c - a potion of might
 f - 2 potions of berserk rage {unknown}
 h - a potion of magic {unknown}
 i - a potion of flight {unknown}
 l - a potion of heal wounds {unknown}
 n - a potion of haste {unknown}
 s - 3 potions of curing {unknown}
 t - a potion of invisibility {unknown}


   Skills:
 * Level 3.1 Fighting
 * Level 2.2 Axes
 - Level 6.0 Throwing
 - Level 3.0 Dodging
 * Level 3.1 Shields


You had 5 spell levels left.
You didn't know any spells.
Your spell library contained the following spells:

 Spells                   Type           Power      Damage    Failure   Level
 Sandblast                Erth           0%         2d4       86%         1
 Passwall                 Tmut/Erth      0%         N/A       94%         2
 Stone Arrow              Conj/Erth      0%         3d7       99%         3
 Petrify                  Tmut/Erth      0%         N/A       100%        4
 Lee's Rapid Deconstruct  Erth           0%         3d5*      100%        5


Dungeon Overview and Level Annotations

Branches:
Dungeon (4/15)
 Temple: D:4-7

Altars:

Annotations:
D:4 Dowan, Duvessa


Innate Abilities, Weirdness & Mutations

You cannot wear most types of armour.
You are amphibious.
You can wear up to eight rings at the same time.
Your skin changes colour to match your surroundings (Stealth+).
Your rubbery body absorbs attacks. (AC +1, EV +1)
((You are camouflaged near water. (Stealth+)))
You have tentacles for arms and can constrict up to eight enemies at once.


Message History

Dowan blinks!
Dowan gestures wildly while chanting.
Dowan blinks!
A hound comes into view.
Dowan casts a spell at you. The puff of flame misses you.
Dowan gestures at you while chanting. The puff of frost hits you.
Found a stone staircase leading down.
Duvessa shouts!
Found a stone staircase leading up.
A quokka skeleton comes into view.
The hound bites you. The hound bites you but does no damage.
Dowan gestures wildly while chanting.
Dowan blinks!
Duvessa barely misses you.
You hit Dowan. Your grab misses Dowan.
Dowan is lightly wounded.
You hit Duvessa but do no damage. You hit the hound.
The hound closely misses you.
Dowan hits you with a +4 dagger of draining.
You feel drained. Duvessa hits you with a +0 short sword.
* * * LOW HITPOINT WARNING * * *
The hound bites you.
* * * LOW HITPOINT WARNING * * *
Dowan gestures wildly while chanting.
Dowan blinks!
You block Duvessa's attack. You block the hound's attack.
Unknown command.
Found 17 gold pieces.
You block the hound's attack.
Dowan casts a spell.
Dowan blinks!
Duvessa says, "My weaknesses are his strengths!"
The hound bites you.
* * * LOW HITPOINT WARNING * * *
Dowan gestures wildly while chanting.
Dowan blinks!
The hound misses you. The hound bites you.
You die...

#.#.#.Z...####
######.#...###.###
#..e..........Z..#
#.###........o...#
#................####
#e###...##..e.......#
#J# ##.#....eJ...##.#
#o# #.#.#..>h...# ..
##.####.#.#...@$.$# .
#...†.)#..##.#.####
#..####.####.#.# #..#
#.# #.#..
.....o..........#
###............#.#
#.####.........# #.
#..##.###.# .. #.J#
.#


You could see Duvessa, Dowan, a hound, an orc, an endoplasm and a quokka
skeleton.

Vanquished Creatures
  A vampire bat (D:3)
  An orc priest (D:3)
  Jessica (D:2)
  6 adders
  An ufetubus (D:2)
  A worm (D:2)
  4 dart slugs
  3 fire bats (D:3)
  7 orcs
  2 spectral bats (D:3)
  3 ball pythons
  3 bat skeletons (D:3)
  A bat zombie (D:3)
  4 endoplasms
  3 giant cockroaches
  5 goblins
  3 hobgoblins
  6 jackals
  3 kobolds
  6 quokkas
  14 bats
  A bat simulacrum (D:3)
  5 frilled lizards
  2 rats (D:2)
86 creatures vanquished.

Notes
Turn   | Place    | Note
-------+----------+-------------------------------------------
     0 | D:1      | Zeld the Octopode Fighter began the quest for the Orb.
     0 | D:1      | Reached XP level 1. HP: 16/16 MP: 1/1
   104 | D:1      | Reached XP level 2. HP: 16/21 MP: 2/2
   194 | D:1      | Reached skill level 1 in Throwing
   668 | D:2      | Noticed Jessica
   674 | D:2      | Killed Jessica
   675 | D:2      | Reached skill level 2 in Throwing
   675 | D:2      | Reached XP level 3. HP: 11/26 MP: 3/3
  1154 | D:2      | Reached skill level 3 in Throwing
  1156 | D:2      | Reached XP level 4. HP: 30/31 MP: 4/4
  1610 | D:2      | Reached skill level 4 in Throwing
  1611 | D:2      | Reached XP level 5. HP: 27/36 MP: 5/5
  2788 | D:3      | Reached skill level 5 in Throwing
  2879 | D:3      | Found a faded altar of an unknown god.
  3008 | D:3      | Reached XP level 6. HP: 39/42 MP: 6/6
  3396 | D:4      | Noticed Duvessa
  3396 | D:4      | Noticed Dowan
  3403 | D:4      | Reached skill level 6 in Throwing
  3436 | D:4      | Slain by a hound

Illustrated notes

Levels and vault maps discovered:
D:1:      dpeg_arrival_pond, layout_rooms
D:2:      minmay_razor_zed, layout_loops_corners, uniq_jessica
D:3:      layout_rooms, shapermc_ecumenical_altar_mp_urbaneastern,
          minmay_misc_feat_ornament, goddamned_bats
D:4:      layout_loops_ring, nicolae_tso_swordbearing_angel, marbit_many_paths,
          minmay_temple_entry_overgrown, serial_glass, glass_columns_a,
          glass_columns_b, glass_columns_c, glass_columns_a,
          kennysheep_generic_room_15, uniq_purgy, uniq_duvessa

Skill      XL: |  1  2  3  4  5  6 |
---------------+-------------------+-----
Throwing       | 2 3 4 5 6 |  6.0
Fighting       | |  3.1
Axes           | |  2.2
Dodging        | |  3.0
Shields        | |  3.1

Action                   |  1- 3 |  4- 6 || total
-------------------------+-------+-------++-------
Melee: War axe           |    38 |   121 ||   159
       Constrict         |     8 |    40 ||    48
       Tentacles         |     3 |    27 ||    30
 Stab: Sleeping          |     4 |     7 ||    11
Armor: Skin              |     5 |    36 ||    41
Dodge: Dodged            |    17 |   126 ||   143
Block: Kite shield       |    21 |    83 ||   104

Table legend: (Time is in decaauts)
 A = Elapsed time spent in this place.
 B = Non-inter-level travel time spent in this place.
 C = Inter-level travel time spent in this place.
 D = Time resting spent in this place.
 E = Time spent auto-exploring this place.
 F = Levels seen in this place.
 G = Mean time per level.
                   A        B        C        D        E       F      G
               +--------+--------+--------+--------+--------+-----+--------+
         Total |   3536 |   3493 |     43 |      0 |   2933 |   4 |  884.0 |
       Dungeon |   3536 |   3493 |     43 |      0 |   2933 |   4 |  884.0 |
               +--------+--------+--------+--------+--------+-----+--------+

Top non-repeatable levels by time:
     D:2: 1607 daAuts
     D:3: 1197 daAuts
     D:1: 683 daAuts
     D:4: 47 daAuts
